 Dungeon Crawl Stone Soup version 0.28.0-53-g5a82cb258f (webtiles) character file.

Game seed: 3896115054085276989

651 safid the Cleaver (level 7, -1/59 HPs)
             Began as a Hill Orc Fighter on Aug 17, 2022.
             Succumbed to a water moccasin's poison
             ... on level 5 of the Dungeon.
             The game lasted 00:06:11 (5726 turns).

safid the Cleaver (Hill Orc Fighter)                Turns: 5726, Time: 00:06:12

Health: -1/59      AC:  8    Str: 21    XL:     7   Next: 53%
Magic:  7/7        EV:  9    Int:  8    God:
Gold:   298        SH:  4    Dex: 10    Spells: 6/6 levels left

rFire   . . .      SeeInvis .   a - +0 war axe
rCold   . . .      Faith    .   c - +0 buckler
rNeg    . . .      Spirit   .   b - +0 scale mail
rPois   .          Reflect  .   (no helmet)
rElec   .          Harm     .   (no cloak)
rCorr   .          Rampage  .   (no gloves)
Will    .....                   q - +0 pair of boots
Stlth   ..........              (no amulet)
HPRegen 0.19/turn               (no ring)
MPRegen 0.10/turn               (no ring)

@: lethally poisoned (-1 -> -23)
A: no striking features
a: no special abilities


You were on level 5 of the Dungeon.
You visited 1 branch of the dungeon, and saw 5 of its levels.

You collected 298 gold pieces.

Inventory:

Hand Weapons
 a - a +0 war axe (weapon)
Missiles
 g - 9 poisoned darts (quivered)
Armour
 b - a +0 scale mail (worn)
 c - a +0 buckler (worn)
 q - a +0 pair of boots (worn)
Jewellery
 t - a ring of protection from fire
Wands
 k - a wand of digging (14)
 p - a wand of polymorph (4)
 z - a wand of charming (10)
Scrolls
 e - 4 scrolls of identify {unknown}
 h - 2 scrolls of enchant weapon {unknown}
 i - a scroll of summoning {unknown}
 m - a scroll of amnesia {unknown}
 n - a scroll of noise {unknown}
 o - 4 scrolls of immolation {unknown}
 r - a scroll of teleportation {unknown}
 v - a scroll of brand weapon {unknown}
 x - a scroll of fear {unknown}
 y - a scroll of torment {unknown}
Potions
 d - 2 potions of might
 f - a potion of invisibility
 j - a potion of curing {unknown}
 l - a potion of mutation {unknown}
 s - a potion of heal wounds {unknown}
 u - a potion of cancellation
 w - a potion of brilliance {unknown}


   Skills:
 - Level 4.0 Fighting
 + Level 9.9 Axes
 - Level 4.0 Armour
 - Level 4.0 Shields


You had 6 spell levels left.
You didn't know any spells.
Your spell library was empty.

Dungeon Overview and Level Annotations

Branches:
Dungeon (5/15)             Temple (0/1) D:4

Altars:


Message History

You feel very sick. The water moccasin barely misses you.
You miss the water moccasin.
You feel very sick.
The water moccasin bites you but does no damage.
The water moccasin bites you.
You are more poisoned.
The water moccasin poisons you!
You slash the water moccasin!
The water moccasin is moderately wounded.
You feel very sick. The water moccasin bites you.
You are more poisoned.
The water moccasin poisons you!
You slash the water moccasin!
The water moccasin is almost dead.
You feel extremely sick. The water moccasin bites you.
You are lethally poisoned!
The water moccasin poisons you!
The water moccasin bites you but does no damage.
Okay, then.
You hit the water moccasin.
The water moccasin is almost dead.
You feel extremely sick. The water moccasin bites you.
You hit the water moccasin.
You kill the water moccasin!
* * * LOW HITPOINT WARNING * * *
You feel extremely sick.
Unknown command.
It was a potion of invisibility.
You fade into invisibility!
* * * LOW HITPOINT WARNING * * *
You feel very sick.
It was a potion of cancellation.
Your magical effects are unravelling.
You feel magically purged.
You flicker back into view.
You die...

# # # # ####
## ##....####
.#
###..$......#
.## ##.@†#
..... ..##
##..### #...#
#..## #..##
#...## ##..##
#..# #....#
##..## #..#
##....#
##..## #..#
#.<# # #)..#
#..# #..# ##
##..## #..#
#.##
.####...#
#..# ##.#


There were no monsters in sight!

Vanquished Creatures
  A water moccasin (D:5)
  A phantom (D:4)
  A scorpion (D:4)
  A jelly (D:5)
  A hound (D:5)
  Jessica (D:2)
  Ijyb (D:3)
  A hound skeleton (D:5)
  8 gnolls (D:3)
  5 adders
  2 worms
  4 dart slugs
  11 orcs
  9 ball pythons
  4 endoplasms
  2 giant cockroaches (D:2)
  25 hobgoblins
  4 jackals (D:2)
  4 quokkas
  5 bats
  4 frilled lizards
  36 goblins
  10 kobolds
  5 rats
146 creatures vanquished.

Notes
Turn   | Place    | Note
-------+----------+-------------------------------------------
     0 | D:1      | safid the Hill Orc Fighter began the quest for the Orb.
     0 | D:1      | Reached XP level 1. HP: 19/19 MP: 1/1
   189 | D:1      | Reached XP level 2. HP: 22/27 MP: 2/2
   190 | D:1      | Reached skill level 3 in Axes
   686 | D:1      | Reached XP level 3. HP: 33/33 MP: 3/3
  1169 | D:2      | Noticed Jessica
  1174 | D:2      | Killed Jessica
  1175 | D:2      | Reached XP level 4. HP: 40/40 MP: 4/4
  1235 | D:2      | Found a faded altar of an unknown god.
  1301 | D:2      | Reached skill level 4 in Axes
  1908 | D:3      | Noticed Ijyb
  1954 | D:3      | Killed Ijyb
  1955 | D:3      | Reached skill level 5 in Axes
  1955 | D:3      | Reached XP level 5. HP: 22/46 MP: 5/5
  2998 | D:3      | Reached skill level 6 in Axes
  3172 | D:3      | Reached XP level 6. HP: 48/52 MP: 6/6
  3312 | D:3      | Reached skill level 7 in Axes
  4196 | D:4      | Found a staircase to the Ecumenical Temple.
  4254 | D:4      | Reached skill level 8 in Axes
  4460 | D:4      | Reached XP level 7. HP: 42/59 MP: 7/7
  5226 | D:5      | Entered Level 5 of the Dungeon
  5256 | D:5      | Reached skill level 9 in Axes
  5726 | D:5      | Succumbed to a water moccasin's poison

Illustrated notes

Levels and vault maps discovered:
D:1:      minmay_arrival_doors, layout_basic, minmay_misc_feat_room
D:2:      layout_loops_ring, hellmonk_ecumenical_altar_zigzags, uniq_jessica
D:3:      minmay_goblin_kobold_castle, layout_basic, uniq_ijyb
D:4:      layout_basic, minmay_temple_entry_statues_pillars
D:5:      layout_layer_cave

Skill      XL: |  1  2  3  4  5  6  7 |
---------------+----------------------+-----
Axes           | 3 5 6 8 9 |  9.9
Fighting       | 4 |  4.0
Armour         | 4 |  4.0
Shields        | 4 |  4.0

Action                   |  1- 3 |  4- 6 |  7- 9 || total
-------------------------+-------+-------+-------++-------
Melee: War axe           |    94 |   232 |    49 ||   375
       Unarmed           |       |     3 |       ||     3
  Use: Potion            |       |       |     2 ||     2
Armor: Scale mail        |    38 |   120 |    17 ||   175
Dodge: Dodged            |    49 |   133 |    20 ||   202
Block: Buckler           |    17 |    55 |    17 ||    89
